 Dungeon Crawl Stone Soup version 0.28.0-45-g0d030f2227 (webtiles) character file.

Game seed: 15602662414370258956

56 GigaChad the Slasher (level 3, 0/30 HPs)
             Began as a Minotaur Gladiator on Apr 12, 2022.
             Was a Follower of Okawaru.
             Succumbed to an adder's poison
             ... on level 2 of the Dungeon.
             The game lasted 00:03:17 (755 turns).

GigaChad the Slasher (Minotaur Gladiator)            Turns: 755, Time: 00:03:18

Health: 0/30       AC:  8    Str: 18    XL:     3   Next: 71%
Magic:  2/2        EV:  8    Int:  5    God:    Okawaru [*.....]
Gold:   4          SH:  0    Dex: 13    Spells: 2/2 levels left

rFire   . . .      SeeInvis .   a - +0 long sword
rCold   . . .      Faith    .   (no shield)
rNeg    . . .      Spirit   .   k - +0 chain mail
rPois   .          Reflect  .   c - +0 hat
rElec   .          Harm     .   (no cloak)
rCorr   .          Rampage  .   (no gloves)
Will    .....                   (no boots)
Stlth   ..........              (no amulet)
HPRegen 0.10/turn               (no ring)
MPRegen 0.08/turn               (no ring)

@: lethally poisoned (0 -> -3)
A: horns 2, retaliatory headbutt
a: Renounce Religion, Heroism


You were on level 2 of the Dungeon.
You worshipped Okawaru.
Okawaru was aware of your devotion.
You visited 1 branch of the dungeon, and saw 2 of its levels.

You collected 4 gold pieces.

Inventory:

Hand Weapons
 a - a +0 long sword (weapon)
Missiles
 d - 3 throwing nets (quivered)
 h - 40 arrows
Armour
 b - a +0 leather armour
 c - a +0 hat (worn)
 k - a +0 chain mail (worn)
Jewellery
 f - an amulet of faith
Scrolls
 e - 2 scrolls of identify {unknown}
Potions
 g - 2 potions of brilliance {unknown}
 i - a potion of lignification {unknown}
 j - a potion of cancellation {unknown}
 l - a potion of berserk rage {unknown}
 m - a potion of curing {unknown}


   Skills:
 + Level 2.6 Fighting
 + Level 4.6 Long Blades
 + Level 2.0 Throwing
 + Level 1.4 Armour
 + Level 4.0 Dodging


You had 2 spell levels left.
You didn't know any spells.
Your spell library contained the following spells:

 Spells                   Type           Power      Damage    Failure   Level
 Corpse Rot               Necr/Air       0%         N/A       100%        2
 Dispel Undead            Necr           0%         3d6       100%        4
 Death Channel            Necr           Unusable   N/A       N/A         6

Dungeon Overview and Level Annotations

Branches:
Dungeon (2/15)

Altars:
Okawaru


Innate Abilities, Weirdness & Mutations

You have a pair of horns on your head.
You reflexively headbutt those who attack you in melee.


Message History

The goblin barely misses you. You furiously retaliate!
You headbutt the goblin!
You kill the goblin!
Okawaru accepts your kill.
You hit the adder.
The adder is moderately wounded.
The adder bites you but does no damage.
You barely miss the adder.
The adder is moderately wounded.
The adder bites you but does no damage.
The ball python bites you but does no damage.
The ball python grabs you. The ball python constricts you.
* * * LOW HITPOINT WARNING * * *
The adder completely misses you.
The ball python bites you but does no damage.
The ball python constricts you.
Things that are here:
a +0 club; a +0 dagger; a goblin corpse You escape the ball python's grasp.
The adder bites you.
* * * LOW HITPOINT WARNING * * *
You are poisoned.
The adder poisons you!
Items here: ( ))) †.
You miss the adder.
The adder is moderately wounded.
* * * LOW HITPOINT WARNING * * *
You feel sick. The adder bites you but does no damage. The adder bites you.
* * * LOW HITPOINT WARNING * * *
The ball python bites you but does no damage.
The ball python grabs you. The ball python constricts you.
You slash the adder!
You kill the adder!
Okawaru accepts your kill.
* * * LOW HITPOINT WARNING * * *
You feel sick. The ball python bites you.
* * * LOW HITPOINT WARNING * * *
The ball python constricts you.
You hit the ball python. You headbutt the ball python.
You kill the ball python!
Okawaru accepts your kill.
You die...

## . #.
#######.... .
#@)).......
#)######### #.#
######## #.#
#####.......
#.#####...........
#.......###.###.##
#######.###.# #.#
#......# #.#
#..##### #.#


There were no monsters in sight!

Vanquished Creatures
  Robin (D:2)
  An adder (D:2)
  2 endoplasms (D:2)
  3 giant cockroaches (D:1)
  9 goblins
  6 hobgoblins
  2 jackals (D:1)
  A kobold (D:1)
  A quokka (D:1)
  2 ball pythons
  2 bats (D:1)
  A frilled lizard (D:1)
  2 rats
33 creatures vanquished.

Vanquished Creatures (others)
  6 plants (D:1)
6 creatures vanquished.

Grand Total: 39 creatures vanquished

Notes
Turn   | Place    | Note
-------+----------+-------------------------------------------
     0 | D:1      | GigaChad the Minotaur Gladiator began the quest for the
                  | Orb.
     0 | D:1      | Reached XP level 1. HP: 18/18 MP: 0/0
   155 | D:1      | Noticed a shining eye
   158 | D:1      | Found a faded altar of an unknown god.
   160 | D:1      | Noticed a golden eye
   162 | D:1      | Noticed a floating eye
   162 | D:1      | Noticed an eye of devastation
   168 | D:1      | Prayed at the altar of an unknown god.
   168 | D:1      | Became a worshipper of Warmaster Okawaru
   168 | D:1      | Reached * piety under Okawaru
   208 | D:1      | Reached XP level 2. HP: 24/25 MP: 1/1
   715 | D:2      | Noticed Robin
   725 | D:2      | Reached XP level 3. HP: 25/30 MP: 2/2
   742 | D:2      | Killed Robin
   743 | D:2      | Reached skill level 1 in Armour
   754 | D:2      | HP: 1/30 [ball python (1)]
   755 | D:2      | Succumbed to an adder's poison

Illustrated notes

Levels and vault maps discovered:
D:1:      lightli_arrival_boilingwater, layout_rooms,
          hellmonk_ecumenical_altar_watching_god, serial_bayou_lagoon_a,
          hangedman_decor_diamond_cutter, serial_bayou_crossing
D:2:      layout_loops_ring, uniq_robin, uniq_jessica

Skill      XL: |  1  2  3 |
---------------+----------+-----
Long Blades    | 4 |  4.6
Dodging        | 4 |  4.0
Armour         | 1 |  1.4
Fighting       | |  2.6
Throwing       | |  2.0

Action                   || total
-------------------------++-------
Melee: Long sword        ||    75
       Headbutt          ||    11
       Punch             ||     1
Armor: Leather armour    ||    18
       Chain mail        ||    23
Dodge: Dodged            ||    53
